 Dungeon Crawl Stone Soup version 0.30-b1-2-g02819fbbbe (webtiles) character file.

Game seed: 8158187807451290445

846 slotho the Covered (level 8, 0/63 HPs)
             Began as a Barachi Fighter on June 9, 2023.
             Killed from afar by an orc wizard (3 damage)
             ... with a magic dart
             ... on level 7 of the Dungeon.
             The game lasted 00:41:19 (4341 turns).

slotho the Covered (Barachi Fighter)                Turns: 4341, Time: 00:41:19

Health: 0/63       AC: 10    Str: 21 (22) XL:     8   Next: 0%
Magic:  8/8        EV:  9    Int:  7 (8)  God:
Gold:   181        SH:  5    Dex: 15 (17) Spells: 7/7 levels left

rFire   + . .        I - +4 long sword of Zeazxuq {freeze, Str+3 Dex+4}
rCold   + . .        c - +0 buckler
rNeg    . . .        U - +0 chain mail
rPois   +            (no helmet)
rElec   +            (no cloak)
rCorr   +            (no gloves)
SInv    .            (no boots)
Will    .....        (no amulet) Stlth
                     (no ring)
HPRegen 0.30/turn    (no ring)
MPRegen 0.11/turn

%: no passive effects
@: mighty, resistant, hasted, quick
A: amphibious, slowness 1, strong legs 1, +LOS
a: Hop


You were on level 7 of the Dungeon.
You visited 1 branch of the dungeon, and saw 5 of its levels.

You collected 181 gold pieces.

Inventory:

Hand Weapons
 a - a +0 war axe
 m - a +0 flail
 u - a +0 long sword
 w - a +0 dagger
 y - a +0 whip
 z - a +0 dagger
 A - a +0 short sword
 I - the +4 long sword of Zeazxuq (weapon) {freeze, Str+3 Dex+4}
   (You found it on level 2 of the Dungeon)

   Str:       It affects your strength (+3).
   Dex:       It affects your dexterity (+4).
 N - a +0 club
 O - a +0 mace
 Q - a +0 giant club
 R - a +0 spear
 W - a +0 short sword
 Z - a +0 flail of holy wrath
Missiles
 j - 2 javelins
 q - 28 stones (quivered)
 t - 11 poisoned darts
Armour
 b - a +0 scale mail
 c - a +0 buckler (worn)
 e - a +0 ring mail
 s - a +0 robe
 L - an orb of wrath
 P - a +0 scale mail
 U - a +0 chain mail (worn)
Jewellery
 r - an amulet of faith
 v - a ring of positive energy
 B - an amulet of faith
Scrolls
 g - a scroll of vulnerability
 k - a scroll of poison {unknown}
 p - a scroll of immolation {unknown}
 E - 3 scrolls of enchant weapon {unknown}
 G - a scroll of torment {unknown}
 H - a scroll of brand weapon {unknown}
 M - a scroll of noise {unknown}
 S - a scroll of blinking {unknown}
Potions
 d - 2 potions of might
 l - a potion of mutation {unknown}
 x - 2 potions of attraction {unknown}
 V - a potion of brilliance {unknown}
 X - a potion of heal wounds {unknown}
 Y - 2 potions of cancellation {unknown}


   Skills:
 + Level 5.4 Fighting
 + Level 4.4 Long Blades
 + Level 4.2 Axes
 + Level 7.0 Armour
 + Level 2.3 Dodging
 + Level 0.4 Stealth
 + Level 4.1 Shields


You had 7 spell levels left.
You didn't know any spells.
Your spell library was empty.

Dungeon Overview and Level Annotations

Branches:
Dungeon (4/15)
 Temple: D:4-7

Altars:
Ashenzari
Okawaru
Qazlal
Ru
The Shining One


Innate Abilities, Weirdness & Mutations

You are amphibious.
You cover ground slowly.
You can hop short distances.
You have an extended range of vision and can be seen from far away.


Message History

It was a potion of haste.
You feel yourself speed up.
The orc warrior hits you with a +0 mace.
* * * LOW HITPOINT WARNING * * *
You closely miss the orc warrior.
The orc warrior is severely wounded.
You slash the orc warrior! You freeze the orc warrior.
You kill the orc warrior!
Your Armour skill increases to level 7!
You have reached level 8!
You feel agile.
You slash the orc! You freeze the orc.
You kill the orc!
The orc hits you but does no damage.
You slash the orc! You freeze the orc.
You kill the orc!
The orc priest invokes the aid of Beogh against you.
Beogh smites you!
* * * LOW HITPOINT WARNING * * *
Something hits you.
* * * LOW HITPOINT WARNING * * *
As you read the scroll labelled DADUGU NOPPOU, it crumbles to dust.
It is a scroll of identify.
g - a scroll of vulnerability
As you read the scroll labelled MISOAKHL DISEH, it crumbles to dust.
You feel strangely unstable.
It was a scroll of teleportation.
You hear some strange, mumbled words.
Something tries to affect you, but you resist.
Something hits you but does no damage.
As you read the scroll of teleportation, it crumbles to dust.
You feel strangely stable.
An orc wizard appears from thin air!
Reactivating autopickup.
Something hits you.
* * * LOW HITPOINT WARNING * * *
Deactivating autopickup; reactivate with Ctrl-A.
The orc wizard misses you.
It was a potion of resistance.
You feel protected.
A magic dart appears from out of thin air!
The magic dart hits you.
You die...

### ##.#....# # #.#
..#......# #.#
######.#..#...# #.#
##.........#.###
#.# .............#
#.#
#......#.#######
#.# #..........#
#.#
#.#.######.#####.##
#.#.##@#..........#
#.#.##.############
#.#.##{o)ooco#
#.#.##)#####.#
#.#.##o# #.#
#...##.# #.#
#..###.## #o#
#.o{5...####o#
#.o#o#.#o)...#


You could see an orc wizard and an orc.

Vanquished Creatures
  A water moccasin (D:7)
  2 sky beasts (D:7)
  An orc warrior (D:7)
  An ice beast (D:3)
  2 scorpions
  A hound (D:7)
  An orc wizard (D:7)
  4 adders
  4 gnolls (D:7)
  A shadow imp (D:7)
  4 worms
  2 dart slugs
  6 orcs
  6 bats
  12 endoplasms
  2 giant cockroaches
  4 goblins
  5 hobgoblins
  2 jackals (D:2)
  6 kobolds
  2 quokkas
  5 ball pythons
  4 frilled lizards
  4 rats
82 creatures vanquished.

Vanquished Creatures (others)
  4 plants (D:2)
4 creatures vanquished.

Grand Total: 86 creatures vanquished

Notes
Turn   | Place    | Note
-------+----------+-------------------------------------------
     0 | D:1      | slotho the Barachi Fighter began the quest for the Orb.
     0 | D:1      | Reached XP level 1. HP: 18/18 MP: 1/1
   288 | D:1      | Reached XP level 2. HP: 25/25 MP: 2/2
   305 | D:1      | Reached skill level 4 in Armour
   839 | D:2      | Reached XP level 3. HP: 30/30 MP: 3/3
  1852 | D:2      | Reached XP level 4. HP: 38/38 MP: 4/4
  2161 | D:2      | Identified the +4 long sword of Zeazxuq {freeze, Str+3
                  | Dex+4}
  2339 | D:3      | Found a glowing golden altar of the Shining One.
  2405 | D:3      | Found a broken altar of Ashenzari.
  2671 | D:3      | Found a sacrificial altar of Ru.
  2732 | D:3      | Noticed an ice beast
  2740 | D:3      | Killed an ice beast
  2741 | D:3      | Reached XP level 5. HP: 30/43 MP: 5/5
  2975 | D:3      | Found a stormy altar of Qazlal.
  3038 | D:3      | Reached skill level 1 in Dodging
  3583 | D:4      | Reached skill level 1 in Long Blades
  3583 | D:4      | Reached skill level 5 in Armour
  3583 | D:4      | Reached XP level 6. HP: 46/50 MP: 6/6
  3636 | D:4      | Found an iron altar of Okawaru.
  3724 | D:4      | You fall into a shaft and drop 3 floors!
  3747 | D:7      | Noticed a sky beast
  3767 | D:7      | Killed a sky beast
  3873 | D:7      | Reached skill level 5 in Fighting
  3984 | D:7      | Reached skill level 6 in Armour
  3984 | D:7      | Reached XP level 7. HP: 52/56 MP: 7/7
  4334 | D:7      | Reached skill level 7 in Armour
  4334 | D:7      | Reached XP level 8. HP: 18/63 MP: 8/8
  4335 | D:7      | HP: 3/63 [something (3)]
  4341 | D:7      | Killed from afar by an orc wizard

Illustrated notes

Levels and vault maps discovered:
D:1:      dpeg_arrival_shrine, layout_rooms, minmay_misc_feat_room,
          dreamdust_princess_corridor, item_on_display_a
D:2:      layout_basic, grunt_ministairs_5, kennysheep_cross_room,
          serial_bayou_pond_b
D:3:      layout_basic, nicolae_ashenzari_skybound,
          mainiacjoe_overflow_brackets, lemuel_round_altar, lemuel_round_altar
D:4:      layout_basic, overflow_temple_1_default
D:7:      layout_basic, grunt_ministairs_11

Skill      XL: |  1  2  3  4  5  6  7 |
---------------+----------------------+-----
Armour         | 4 5 6 7 |  7.0
Fighting       | 4 5 |  5.4
Axes           | 3 4 |  4.2
Dodging        | 1 2 |  2.3
Long Blades    | 1 2 4 |  4.4
Shields        | 4 |  4.1
Stealth        | |  0.4

Action                     |  1- 3 |  4- 6 |  7- 9 || total
---------------------------+-------+-------+-------++-------
  Melee: War axe           |   101 |    37 |       ||   138
         Long sword        |       |    81 |    61 ||   142
    Use: Potion            |       |     1 |     7 ||     8
         Scroll            |       |     1 |     3 ||     4
 Armour: Scale mail        |    60 |    38 |       ||    98
         Chain mail        |       |    23 |    20 ||    43
  Dodge: Dodged            |    57 |    39 |    23 ||   119
  Block: Buckler           |    28 |    20 |    14 ||    62
